[Event "Titled Tuesday Blitz February 07 Early 2023"]
[White "Tristan, Leonardo"]
[Black "Kochetov, Andrey"]
[WhiteFideId "113816"]
[BlackFideId "24130532"]
[WhiteElo "2545"]
[BlackElo "2165"]
[Result "1-0"]
[Round "08"]
[TimeControl "180+2"]
[Date "2023.02.07"]
[WhiteClock "0:00:15"]
[BlackClock "0:00:01"]

1. d4 Nf6 2. Nf3 e6 3. Bf4 c5 4. e3 d5 5. Nbd2 Bd6 6. Bb5+ Nc6 7. Bg3 O-O 8. c3 Qc7 9. dxc5 Bxg3 10. hxg3 a6 11. Bxc6 Qxc6 12. b4 b6 13. Nb3 Ne4 14. Qc2 h6 15. Ne5 Qc7 16. Nd3 Bd7 17. a4 e5 18. cxb6 Qxb6 19. Nxe5 Bf5 20. g4 Qf6 21. gxf5 Qxe5 22. Nd4 Rfc8 23. Ra3 Rab8 24. b5 Rc4 25. Nc6 Qd6 26. O-O Rxc6 27. bxc6 Qxa3 28. c4 Qc5 29. Rd1 Qxc6 30. Rxd5 Qc7 31. Qxe4 Rb4 32. Rd4 Rxa4 33. g3 Rb4 34. Qa8+ Kh7 35. Qxa6 Rb1+ 36. Kg2 Qe5 37. Qc8 Rb2 38. Kf3 Qf6 39. Qd7 Rc2 40. Qd5 Qg5 41. Qe4 Qh5+ 42. Kg2 Qe2 43. f6+ g6 44. Qf3 Qe1 45. Rd7 Kg8 46. Qa8+ Kh7 47. Rxf7# 1-0


[Site "https://www.chess.com"]

[Event "Titled Tuesday Blitz February 07 Early 2023"]
[White "Berezin, Viktor"]
[Black "Liyanage, Ranindu Dilshan"]
[WhiteFideId "14107872"]
[BlackFideId "9915834"]
[WhiteElo "2307"]
[BlackElo "2342"]
[Result "0-1"]
[Round "08"]
[TimeControl "180+2"]
[Date "2023.02.07"]
[WhiteClock "0:00:14"]
[BlackClock "0:00:15"]

1. d4 Nf6 2. Nf3 e6 3. g3 d5 4. Bg2 b5 5. O-O Bb7 6. a4 b4 7. c3 bxc3 8. bxc3 c5 9. Bg5 Nbd7 10. a5 Ba6 11. Ne5 Qc7 12. Nxd7 Qxd7 13. Bxf6 gxf6 14. Re1 f5 15. Nd2 Bg7 16. Nf3 O-O 17. e3 Rab8 18. h4 h6 19. h5 Qc7 20. Nh4 Rfc8 21. g4 f4 22. Qf3 cxd4 23. cxd4 Qe7 24. Qh3 Rb2 25. Rac1 Rxc1 26. Rxc1 fxe3 27. fxe3 Qg5 28. Bf1 Bxd4 29. Ng2 Bxf1 30. Rxf1 Bc5 31. Qf3 Qg7 32. g5 hxg5 33. h6 Qg6 34. Kh1 g4 35. Qg3 Qxh6+ 36. Kg1 Qh3 37. Rf3 Rxg2+ 38. Qxg2 Qxf3 0-1


[Site "https://www.chess.com"]

[Event "Titled Tuesday Blitz February 07 Early 2023"]
[White "Koellner, Ruben Gideon"]
[Black "Jaskolka, Tomasz"]
[WhiteFideId "12993093"]
[BlackFideId "1170791"]
[WhiteElo "2426"]
[BlackElo "2238"]
[Result "0-1"]
[Round "08"]
[TimeControl "180+2"]
[Date "2023.02.07"]
[WhiteClock "0:00:20"]
[BlackClock "0:01:07"]

1. d4 d5 2. Nf3 Nc6 3. e3 Bg4 4. Bb5 Nf6 5. h3 Bxf3 6. Qxf3 e6 7. O-O Bd6 8. Nd2 O-O 9. c3 e5 10. e4 exd4 11. Bxc6 bxc6 12. cxd4 dxe4 13. Nxe4 Nxe4 14. Qxe4 c5 15. dxc5 Bxc5 16. Bf4 Re8 17. Qc6 Bb6 18. Rad1 Qh4 19. Qf3 Rad8 20. Bg3 Qb4 21. b3 h6 22. Rxd8 Rxd8 23. Rd1 Rxd1+ 24. Qxd1 Qa3 25. Qd8+ Kh7 26. Bxc7 Qc1+ 27. Kh2 Bxc7+ 28. Qxc7 Qxc7+ 0-1


[Site "https://www.chess.com"]

[Event "Titled Tuesday Blitz February 07 Early 2023"]
[White "Kuzmin, Roman"]
[Black "Panesso Rivera, Henry"]
[WhiteFideId "44134932"]
[BlackFideId "4402707"]
[WhiteElo "2198"]
[BlackElo "2342"]
[Result "0-1"]
[Round "08"]
[TimeControl "180+2"]
[Date "2023.02.07"]
[WhiteClock "0:00:02"]
[BlackClock "0:00:19"]

1. e4 d6 2. d4 Nf6 3. Nc3 g6 4. h4 Nc6 5. Nf3 Bg4 6. d5 Nb8 7. Be2 Bg7 8. Be3 c6 9. Qd2 cxd5 10. exd5 Nbd7 11. Bh6 Bxh6 12. Qxh6 Qb6 13. O-O-O Bxf3 14. Bxf3 Qxf2 15. Rhf1 Qc5 16. g4 Ne5 17. Kb1 Qb4 18. g5 Nc4 19. Na4 Nd2+ 20. Ka1 Nxf1 21. gxf6 Qxa4 22. Rxf1 O-O-O 23. fxe7 Rde8 24. Re1 Kb8 25. Qd2 Qd7 26. Qe3 f5 27. c4 Rhg8 28. c5 Rg7 29. Qf4 Rgxe7 30. Rb1 Re5 31. c6 Qc7 32. Qb4 a5 33. Qa3 Re1 34. Qc3 Rxb1+ 35. Kxb1 Qb6 36. a3 Qc5 37. Qd2 Qe3 38. Qxe3 Rxe3 0-1


[Site "https://www.chess.com"]

[Event "Titled Tuesday Blitz February 07 Early 2023"]
[White "Martynov, Pavel"]
[Black "Aarav Dengla"]
[WhiteFideId "4101260"]
[BlackFideId "45059756"]
[WhiteElo "2414"]
[BlackElo "2343"]
[Result "1/2-1/2"]
[Round "08"]
[TimeControl "180+2"]
[Date "2023.02.07"]
[WhiteClock "0:00:58"]
[BlackClock "0:01:33"]

1. e4 c5 2. Nf3 d6 3. Bb5+ Nd7 4. O-O a6 5. Bxd7+ Bxd7 6. c3 Nf6 7. Re1 e6 8. d4 cxd4 9. cxd4 Be7 10. Nc3 O-O 11. e5 Nd5 12. Nxd5 exd5 13. Qb3 Bc6 14. Bf4 dxe5 15. Nxe5 Bd6 16. Rac1 Rc8 17. Qg3 Bxe5 18. Bxe5 f6 19. Bd6 Re8 20. h4 Qd7 21. h5 Qf5 22. h6 Qg6 23. hxg7 Qxg3 24. Bxg3 Kxg7 25. f3 Kg6 26. Kf2 h5 27. Bd6 Kf5 28. Rh1 Kg6 29. Rhe1 Kf5 30. Rh1 Kg6 31. Rhe1 1/2-1/2


[Site "https://www.chess.com"]

[Event "Titled Tuesday Blitz February 07 Early 2023"]
[White "Borgaonkar Akshay"]
[Black "Mamedov, Edgar"]
[WhiteFideId "25639110"]
[BlackFideId "13739980"]
[WhiteElo "1991"]
[BlackElo "2193"]
[Result "0-1"]
[Round "08"]
[TimeControl "180+2"]
[Date "2023.02.07"]
[WhiteClock "0:00:02"]
[BlackClock "0:00:03"]

1. c4 c6 2. Nf3 d5 3. e3 Nf6 4. b3 g6 5. Bb2 Bg7 6. Be2 O-O 7. O-O Bg4 8. d3 Nbd7 9. Nbd2 a5 10. a3 Re8 11. h3 Bxf3 12. Nxf3 e5 13. cxd5 cxd5 14. Rc1 Qb6 15. Nd2 Rac8 16. Rxc8 Rxc8 17. Qb1 Ne8 18. Rc1 Rxc1+ 19. Qxc1 Nd6 20. Qc3 d4 21. exd4 exd4 22. Qc2 Qc5 23. Nc4 Nb5 24. Bf3 b6 25. Qe2 Ne5 26. Qe4 Nxf3+ 27. Qxf3 Nc3 28. Qa8+ Bf8 29. b4 axb4 30. axb4 Qe7 31. Qa1 Qxb4 32. Ba3 Qa4 33. Qb2 Bxa3 34. Nxa3 b5 35. Nc2 h5 36. g3 Qa7 37. h4 Qd7 38. Qb4 Qd5 39. Qa5 Ne2+ 40. Kf1 Nc1 41. Kg1 Nxd3 42. Qa7 Ne5 43. Nxd4 Qxd4 44. Qa8+ Kg7 45. Qb7 b4 46. Qb8 Qd1+ 47. Kg2 Qf3+ 48. Kg1 Ng4 49. Qb6 Qxf2+ 50. Kh1 Qh2# 0-1


[Site "https://www.chess.com"]

[Event "Titled Tuesday Blitz February 07 Early 2023"]
[White "Khamdamova, Afruza"]
[Black "Sanchez, Sebastian Felipe"]
[WhiteFideId "14210444"]
[BlackFideId "4403304"]
[WhiteElo "2162"]
[BlackElo "2427"]
[Result "0-1"]
[Round "08"]
[TimeControl "180+2"]
[Date "2023.02.07"]
[WhiteClock "0:00:01"]
[BlackClock "0:00:11"]

1. e4 e6 2. d4 d5 3. Nd2 Nf6 4. e5 Nfd7 5. Bd3 c5 6. c3 Nc6 7. Ne2 cxd4 8. cxd4 f6 9. exf6 Nxf6 10. Nf3 Bd6 11. O-O Qc7 12. Bg5 O-O 13. Rc1 Ng4 14. Ng3 h6 15. Bd2 Bd7 16. Nh4 Nxh2 17. Kxh2 Rxf2 18. Rxf2 Bxg3+ 19. Kg1 Bxh4 20. Rf1 Qb6 21. Be3 Bg5 22. Bxg5 hxg5 23. Qf3 Qxd4+ 24. Rf2 Ne5 25. Qh5 Qxf2+ 26. Kxf2 Nxd3+ 27. Ke3 Nxc1 28. Kd2 Rc8 29. Qxg5 Kf7 30. Qf4+ Ke8 31. Qg5 Nxa2 32. Qxg7 Nb4 33. Qg8+ Ke7 34. Qg7+ Kd6 35. Qd4 Nc6 36. Qf4+ e5 37. Qf6+ Be6 38. g4 Rg8 39. g5 Ne7 40. Ke3 Rg6 41. Qf8 Rxg5 42. Qd8+ Bd7 43. Qb8+ Ke6 44. Qxb7 Nc6 45. Qb3 Rg3+ 0-1


[Site "https://www.chess.com"]

[Event "Titled Tuesday Blitz February 07 Early 2023"]
[White "Yeritsyan, Hayk"]
[Black "Kvaloy, Aksel Bu"]
[WhiteFideId "13307320"]
[BlackFideId "1528815"]
[WhiteElo "2241"]
[BlackElo "2321"]
[Result "1-0"]
[Round "08"]
[TimeControl "180+2"]
[Date "2023.02.07"]
[WhiteClock "0:00:21"]
[BlackClock "0:00:01"]

1. d4 Nf6 2. c4 e6 3. Nc3 Bb4 4. a3 Bxc3+ 5. bxc3 O-O 6. e3 c5 7. Bd3 b6 8. Ne2 d6 9. O-O Bb7 10. f3 Nc6 11. e4 e5 12. d5 Ne7 13. f4 exf4 14. Nxf4 Ng6 15. Nxg6 fxg6 16. Bf4 Qe7 17. Qd2 Rae8 18. Rae1 Ng4 19. Bc2 Ne5 20. Bb3 Ba6 21. Qe2 h6 22. Bg3 g5 23. h3 Rxf1+ 24. Rxf1 Ng6 25. Bc2 Ne5 26. Bb3 g6 27. Kh2 Kg7 28. Rf2 h5 29. Rf1 h4 30. Be1 Nd7 31. Ba4 Qe5+ 32. Kh1 Re7 33. Bd2 Nf6 34. Bc2 Nh5 35. Be1 Nf4 36. Rxf4 Qxf4 37. Bd2 Qe5 38. Bd3 Bc8 39. Qe3 Kh6 40. Qf2 Kg7 41. Qe3 Kh6 42. Qe1 Kh7 43. Qc1 Qg3 44. Bc2 Bxh3 45. Qf1 Bd7 46. e5 Qxe5 47. Qf8 Qg7 48. Qf2 Rf7 49. Qe1 Bf5 50. Bd1 Rf6 51. Bxg5 Rf7 52. Bf3 Kg8 53. Qxh4 Qh7 54. Qxh7+ Rxh7+ 55. Kg1 Rd7 56. Be2 Kf7 57. Kf2 Be4 58. g3 Rc7 59. Ke3 Rc8 60. Kxe4 Re8+ 61. Kd3 Rf8 62. Bg4 Ke8 63. Ke2 Rf7 64. Be6 Rh7 65. Bh4 Rh8 66. Kf3 Rh5 67. Kg4 Rh8 68. Kg5 Rg8 69. Kf6 1-0


[Site "https://www.chess.com"]

[Event "Titled Tuesday Blitz February 07 Early 2023"]
[White "Turzo, Attila"]
[Black "Adla, Diego"]
[WhiteFideId "704954"]
[BlackFideId "100072"]
[WhiteElo "2279"]
[BlackElo "2383"]
[Result "1/2-1/2"]
[Round "08"]
[TimeControl "180+2"]
[Date "2023.02.07"]
[WhiteClock "0:00:09"]
[BlackClock "0:00:54"]

1. d4 Nf6 2. c4 e6 3. Nf3 d5 4. Nc3 Bb4 5. Bg5 h6 6. Bxf6 Qxf6 7. e3 O-O 8. Be2 dxc4 9. Bxc4 c5 10. O-O cxd4 11. exd4 Rd8 12. Qb3 Bf8 13. d5 Na6 14. dxe6 Bxe6 15. Bxe6 Qxe6 16. Qxe6 fxe6 17. Rfd1 Nc5 18. Ne5 Be7 19. Kf1 Bf6 20. Re1 Rd2 21. Nc4 Rc2 22. Rac1 Rxc1 23. Rxc1 Rd8 24. b3 a6 25. Ke2 b5 26. Ne3 Nd3 27. Rd1 Nf4+ 28. Kf3 Rf8 29. Kxf4 Bxc3+ 30. Ke4 Rxf2 31. Rd8+ Kf7 32. Nd1 Rd2 33. Rxd2 Bxd2 34. Nf2 Bc3 35. Nd3 a5 36. Nc5 Ke7 37. g4 Kd6 38. Nd3 Bf6 39. h3 a4 40. Nb4 Kc5 41. Nd3+ Kd6 42. Nb4 axb3 43. axb3 Ke7 44. Nc6+ Kf7 45. Nb4 Kg6 46. Nd3 Kg5 47. Kf3 Bd4 48. Nb4 Kh4 49. Kg2 e5 50. Nc6 Bc3 51. Ne7 Kg5 52. Kf3 b4 53. Nf5 g6 54. h4+ Kf6 55. Nxh6 Be1 56. g5+ Ke6 57. Kg4 Kd5 58. h5 gxh5+ 59. Kxh5 e4 60. g6 Bc3 61. Nf5 Bf6 62. Kg4 Ke5 63. g7 Bxg7 64. Nxg7 Kd4 65. Kf4 Kc3 66. Kxe4 Kxb3 67. Nf5 Kc3 68. Nd4 b3 69. Nxb3 1/2-1/2


[Site "https://www.chess.com"]

[Event "Titled Tuesday Blitz February 07 Early 2023"]
[White "Demin, Vladimir"]
[Black "Valle Maytin, Luis Enrique"]
[WhiteFideId "4167457"]
[BlackFideId "3503666"]
[WhiteElo "2430"]
[BlackElo "2241"]
[Result "1-0"]
[Round "08"]
[TimeControl "180+2"]
[Date "2023.02.07"]
[WhiteClock "0:00:11"]
[BlackClock "0:00:06"]

1. e4 c6 2. d4 d5 3. e5 c5 4. dxc5 e6 5. a3 Bxc5 6. b4 Bb6 7. Bb2 Ne7 8. Nf3 a5 9. Nbd2 axb4 10. axb4 Rxa1 11. Qxa1 Nbc6 12. Qa3 O-O 13. c4 dxc4 14. Bxc4 Nd5 15. Bxd5 Qxd5 16. O-O h6 17. h3 Bc7 18. Re1 b5 19. Qc3 Bb7 20. Ne4 Ba8 21. Nd6 Bb6 22. Ne4 Rc8 23. Nc5 Nxb4 24. Qxb4 Bxc5 25. Qg4 Qa2 26. Bd4 Bxf3 27. gxf3 Bxd4 28. Qxd4 Qb3 29. Qe4 Rc4 30. Qa8+ Kh7 31. Qb7 Rf4 32. Kg2 Qc4 33. Rb1 Rf5 34. Rxb5 Qh4 35. Rb4 Rg5+ 36. Rg4 h5 37. Rxg5 Qxg5+ 38. Kh1 Qf5 39. Kg2 Qg5+ 40. Kf1 Qf5 41. Ke2 Qxe5+ 42. Kf1 Qa1+ 43. Kg2 Qf6 44. Kf1 g6 45. Kg2 Kg7 46. Qa8 Qg5+ 47. Kh2 Qf4+ 48. Kg2 Qg5+ 49. Kh2 Qd5 50. Qa3 Qe5+ 51. Kg2 g5 52. Qb4 h4 53. Qa4 Qf6 54. Qc4 Kg6 55. Qa4 Qe7 56. Qa8 Kg7 57. Qa5 f5 58. Qe5+ Qf6 59. Qc7+ Qf7 60. Qe5+ Kg6 61. Qb8 Kh7 62. Qc8 Qe7 63. Kg1 Qf7 64. Kg2 e5 65. Qd8 Kg6 66. Qd6+ Qf6 67. Qd7 Qg7 68. Qe8+ Kh7 69. Qe6 f4 70. Qf5+ Kh6 71. Kf1 Qg6 72. Qxe5 Qa6+ 73. Kg2 Qc8 74. Qf6+ Kh5 75. Qg7 Qe6 76. Qh7+ Qh6 77. Qg8 Qg6 78. Qf8 Qh6 79. Qe7 Qg6 80. Kf1 Qh6 81. Ke2 Qg6 82. Qd7 Qa6+ 83. Kd2 Kh6 84. Qe7 Qa2+ 85. Ke1 Qg8 86. Kf1 Qg6 87. Qf8+ Qg7 88. Qf5 Qg6 89. Qe5 Qg7 90. Qe4 Qg6 91. Qe7 Qh7 92. Qd8 Qg6 93. Ke2 Qe6+ 94. Kf1 Qxh3+ 95. Kg1 Qe6 96. Qh8+ Kg6 97. Kh2 Qf7 98. Kg2 Qb7 99. Qg8+ Qg7 100. Qe8+ Kh6 101. Kh2 Qf6 102. Kg2 Kg7 103. Kh2 Qf7 104. Qe5+ Qf6 105. Qe8 Qg6 106. Qe7+ Kh6 107. Qf8+ Qg7 108. Qd6+ Kh7 109. Qe6 Qg6 110. Qe7+ Qg7 111. Qe6 Kh8 112. Kh3 Kh7 113. Qf5+ Qg6 114. Qd7+ Kg8 115. Kh2 Kf8 116. Qd8+ Kf7 117. Qd7+ Kg8 118. Kh3 Qf7 119. Qd8+ Kh7 120. Qxg5 Qe6+ 121. Kxh4 Qd6 122. Kg4 Qe6+ 123. Qf5+ Qg6+ 124. Qxg6+ Kxg6 125. Kxf4 Kf6 126. Ke4 Ke6 127. f4 Kf6 128. f5 Kf7 129. Ke5 Ke7 130. f6+ Kf7 131. Kf5 Kf8 132. Ke6 Ke8 133. f7+ Kf8 134. f3 Kg7 135. Ke7 Kg6 136. f8=Q 1-0


[Site "https://www.chess.com"]

[Event "Titled Tuesday Blitz February 07 Early 2023"]
[White "Yaran, Siar"]
[Black "Minko, Dmitry"]
[WhiteFideId "6323006"]
[BlackFideId "24188468"]
[WhiteElo "2288"]
[BlackElo "2247"]
[Result "1-0"]
[Round "08"]
[TimeControl "180+2"]
[Date "2023.02.07"]
[WhiteClock "0:00:32"]
[BlackClock "0:00:04"]

1. d4 d5 2. c4 e6 3. Nc3 Be7 4. Nf3 Nf6 5. Bg5 O-O 6. e3 Nbd7 7. Qc2 a6 8. cxd5 exd5 9. Bd3 c6 10. O-O Re8 11. Ne5 h6 12. Bh4 Nxe5 13. dxe5 Ng4 14. Bg3 Bf8 15. f4 Nxe3 16. Qe2 Nxf1 17. Rxf1 c5 18. Bb1 b5 19. Qc2 g6 20. f5 Bxf5 21. Rxf5 gxf5 22. Qxf5 Bg7 23. h4 b4 24. Ne2 Qc8 25. Qh7+ Kf8 26. Bf5 Qb7 27. Nf4 Qb6 28. Nh5 Bxe5 29. Bxe5 Rxe5 30. Qh8+ Ke7 31. Qxe5+ Kd8 32. Qxd5+ Kc7 33. Qxa8 c4+ 34. Kh1 c3 35. bxc3 bxc3 36. Qc8+ Kd6 37. Qxc3 Qb5 38. Qd3+ Qxd3 39. Bxd3 Kc5 1-0


[Site "https://www.chess.com"]

[Event "Titled Tuesday Blitz February 07 Early 2023"]
[White "Avalos Parra, Joao"]
[Black "Plazuelo Pascual, Juan"]
[WhiteFideId "3402541"]
[BlackFideId "32059566"]
[WhiteElo "2185"]
[BlackElo "2449"]
[Result "1-0"]
[Round "08"]
[TimeControl "180+2"]
[Date "2023.02.07"]
[WhiteClock "0:01:22"]
[BlackClock "0:00:44"]

1. d4 d5 2. c4 dxc4 3. e3 e5 4. Bxc4 Nc6 5. d5 Na5 6. Be2 c6 7. dxc6 Qxd1+ 8. Bxd1 Nxc6 9. Nc3 Be6 10. Nf3 f6 11. O-O O-O-O 12. Bc2 Bb4 13. a3 Bxc3 14. bxc3 Nge7 15. a4 Nd5 16. Bb2 Nb6 17. Rfd1 Nc4 18. Ba3 Rxd1+ 19. Bxd1 Rd8 20. Be2 g5 21. h3 h5 22. Bc1 N6a5 23. Rb1 Nb6 24. Ba3 Nxa4 25. Be7 Re8 26. Bxf6 Nxc3 27. Rc1 e4 28. Rxc3+ Kd7 29. Nxg5 Bd5 30. Bxh5 Rf8 31. Bg4+ Kd6 32. Bd4 b6 33. h4 Nc6 34. h5 Nxd4 35. exd4 Rf7 36. Nxf7+ 1-0


[Site "https://www.chess.com"]

[Event "Titled Tuesday Blitz February 07 Early 2023"]
[White "Mohamed Anees M"]
[Black "Bowden, Karl"]
[WhiteFideId "35065815"]
[BlackFideId "400548"]
[WhiteElo "2315"]
[BlackElo "2348"]
[Result "1-0"]
[Round "08"]
[TimeControl "180+2"]
[Date "2023.02.07"]
[WhiteClock "0:00:14"]
[BlackClock "0:00:04"]

1. d4 Nf6 2. Bg5 e6 3. e4 c5 4. Nf3 h6 5. Bxf6 Qxf6 6. e5 Qd8 7. d5 Qb6 8. Nc3 Qxb2 9. Nb5 Qb4+ 10. c3 Qe4+ 11. Be2 Na6 12. d6 b6 13. O-O Bb7 14. a4 g5 15. Re1 Bg7 16. Bf1 Qc6 17. h3 O-O 18. Bd3 f5 19. exf6 Rxf6 20. Be4 Qc8 21. Qc2 Bxe4 22. Qxe4 Qf8 23. Qb7 Re8 24. Qxa6 Rxf3 25. gxf3 Qxf3 26. Re3 Qf5 27. Nc7 Rf8 28. Rf1 Be5 29. Qd3 Qf4 30. Rxe5 Qxe5 31. Qg6+ Qg7 32. Qxg7+ Kxg7 33. Rd1 Kf6 34. Nb5 Ke5 35. Nxa7 Rf3 36. Nb5 Rxh3 37. Kg2 g4 38. Re1+ Kd5 39. Re3 Rh5 40. Rd3+ Kc4 41. Rg3 Rg5 42. Kh2 Kb3 43. Nc7 Kxa4 44. c4 Kb4 45. f3 Kxc4 46. Rxg4+ Rxg4 47. fxg4 b5 48. Nxe6 b4 49. Nf8 b3 50. Nxd7 b2 51. Nb6+ Kb5 52. d7 b1=Q 53. d8=Q Qc2+ 54. Kh3 Qc3+ 55. Kh4 Qe1+ 56. Kh5 Qe5+ 57. Kxh6 Qe6+ 58. Kh5 Qxb6 59. Qd7+ Qc6 60. Qxc6+ Kxc6 61. g5 c4 62. g6 c3 63. g7 c2 64. g8=Q c1=Q 65. Qc8+ 1-0


[Site "https://www.chess.com"]

[Event "Titled Tuesday Blitz February 07 Early 2023"]
[White "Sowul, Bartosz"]
[Black "Karttunen, Mika"]
[WhiteFideId "1137590"]
[BlackFideId "502081"]
[WhiteElo "2269"]
[BlackElo "2490"]
[Result "1-0"]
[Round "08"]
[TimeControl "180+2"]
[Date "2023.02.07"]
[WhiteClock "0:00:12"]
[BlackClock "0:00:07"]

1. e4 e5 2. Nf3 Nc6 3. Bb5 Nf6 4. d3 d6 5. O-O g6 6. Re1 Bg7 7. d4 Nd7 8. d5 Ne7 9. c4 O-O 10. Bxd7 Bxd7 11. Nc3 h6 12. b4 a5 13. Rb1 axb4 14. Rxb4 b6 15. a4 f5 16. Nd2 f4 17. f3 g5 18. h3 h5 19. Kf2 Ng6 20. Rh1 Qc8 21. Nb5 g4 22. hxg4 hxg4 23. Rh5 Bf6 24. Qh1 Qd8 25. Ba3 Bh4+ 26. Ke2 Kg7 27. Nxc7 Qxc7 28. Rxh4 Nxh4 29. Qxh4 Kg6 30. Rb1 Rh8 31. Qe7 Rh7 32. Qxd6+ Qxd6 33. Bxd6 Rxa4 34. Rxb6 Kf7 35. Bxe5 Rh2 36. Bxf4 Rxg2+ 37. Ke3 gxf3 38. Kxf3 Bh3 39. e5 Ra3+ 40. Ke4 Re2+ 41. Kd4 Rf2 42. Rf6+ Kg8 43. Ne4 Rff3 44. Ng5 Rfd3+ 45. Ke4 Bg2+ 46. Kf5 Rdc3 47. Rc6 Ra4 48. Rc8+ Kg7 49. Ne6+ Kf7 50. Rc7+ Ke8 51. Bg5 Bh3+ 52. Kf6 Bxe6 53. Kxe6 Ra6+ 54. d6 Ra8 55. d7+ Kf8 56. Rc8+ 1-0


[Site "https://www.chess.com"]

[Event "Titled Tuesday Blitz February 07 Early 2023"]
[White "Ambartsumova, Karina"]
[Black "Fernandez Garcia, Gumersindo"]
[WhiteFideId "4166299"]
[BlackFideId "24516740"]
[WhiteElo "2393"]
[BlackElo "2160"]
[Result "0-1"]
[Round "08"]
[TimeControl "180+2"]
[Date "2023.02.07"]
[WhiteClock "0:00:02"]
[BlackClock "0:02:06"]

1. e4 c5 2. Nf3 g6 3. d4 cxd4 4. Qxd4 Nf6 5. Nc3 Nc6 6. Qa4 d6 7. e5 dxe5 8. Nxe5 Bd7 9. Nxd7 Qxd7 10. Bb5 Bg7 11. O-O O-O 12. Bg5 a6 13. Bxc6 Qxc6 14. Qxc6 bxc6 15. Rad1 Rab8 16. b3 h6 17. Bf4 Rbd8 18. Be5 Nd5 19. Bxg7 Kxg7 20. Nxd5 cxd5 21. Rd2 e6 22. Rfd1 Rc8 23. f4 Rc3 24. Re2 Rfc8 25. Rdd2 h5 26. g3 a5 27. Kg2 Kf6 28. Kf2 h4 29. g4 g5 30. fxg5+ Kxg5 31. Rd4 Rxc2 32. Ra4 Rxe2+ 33. Kxe2 Rc2+ 34. Kf3 Rxh2 35. Rxa5 Rh3+ 36. Kf2 Rc3 37. b4 Kxg4 38. b5 Rc2+ 39. Kg1 Rb2 40. a4 Kg3 41. Kf1 h3 42. Ra8 h2 43. Rg8+ Kf3 0-1


[Site "https://www.chess.com"]

[Event "Titled Tuesday Blitz February 07 Early 2023"]
[White "Poliakova, Varvara"]
[Black "Andreev, Konstantin"]
[WhiteFideId "13518313"]
[BlackFideId "24239305"]
[WhiteElo "2010"]
[BlackElo "2195"]
[Result "1-0"]
[Round "08"]
[TimeControl "180+2"]
[Date "2023.02.07"]
[WhiteClock "0:01:41"]
[BlackClock "0:00:14"]

1. e4 c5 2. Nc3 e6 3. d3 a6 4. g3 b5 5. Bg2 Bb7 6. f4 Ne7 7. Nf3 g6 8. O-O Bg7 9. e5 d6 10. Ne4 dxe5 11. fxe5 Bxe4 12. dxe4 O-O 13. Qd6 Qxd6 14. exd6 Nec6 15. e5 Ra7 16. Bf4 Nd7 17. Rfe1 Nb4 18. Re2 Nd5 19. Ng5 h6 20. Nf3 g5 21. Bd2 g4 22. Nh4 Nxe5 23. Rae1 Nc4 24. Bxd5 exd5 25. Nf5 Bxb2 26. Nxh6+ Kh7 27. Bf4 Bc3 28. Rf1 Rd7 29. Nxg4 Nxd6 30. Be5 Bxe5 31. Rxe5 Ne4 32. Rxe4 dxe4 33. Nf6+ Kg6 34. Nxd7 Rc8 35. Ne5+ Kg5 36. Nxf7+ Kg6 37. Ne5+ Kg5 38. h4+ Kh6 39. g4 Re8 40. Nf7+ Kg7 41. Ng5 Re7 42. h5 c4 43. Kg2 b4 44. Kg3 a5 45. Kh4 e3 46. Kg3 a4 47. Rh1 Kh6 48. Nf3 b3 49. g5+ Kh7 50. cxb3 axb3 51. axb3 cxb3 52. Rb1 Rb7 53. Rb2 Rb5 54. Kg2 e2 55. Kf2 Ra5 56. Rxb3 1-0


[Site "https://www.chess.com"]

[Event "Titled Tuesday Blitz February 07 Early 2023"]
[White "Skurikhin, Dmitrij"]
[Black "Tarlabasi, Emirhan"]
[WhiteFideId "4161297"]
[BlackFideId "6350275"]
[WhiteElo "2297"]
[BlackElo "2300"]
[Result "0-1"]
[Round "08"]
[TimeControl "180+2"]
[Date "2023.02.07"]
[WhiteClock "0:00:29"]
[BlackClock "0:00:43"]

1. e4 e6 2. d4 d5 3. e5 f5 4. exf6 Nxf6 5. Nf3 c5 6. c3 Nc6 7. Bd3 Bd6 8. O-O O-O 9. Nbd2 Bd7 10. Re1 Qc7 11. Qe2 Rae8 12. Ne5 cxd4 13. Nxc6 bxc6 14. cxd4 e5 15. dxe5 Bxe5 16. Qf1 Bxh2+ 17. Kh1 Ng4 18. Rxe8 Bxe8 19. Nf3 Bh5 20. Bg5 h6 21. Bh4 g5 22. Nd4 gxh4 23. Ne6 Nxf2+ 24. Qxf2 Rxf2 25. Nxc7 Bxc7 26. Rc1 h3 27. gxh3 Bh2 0-1


[Site "https://www.chess.com"]

[Event "Titled Tuesday Blitz February 07 Early 2023"]
[White "Hirneise, Jens"]
[Black "Topalov, Aleksandar"]
[WhiteFideId "24614734"]
[BlackFideId "925659"]
[WhiteElo "2277"]
[BlackElo "2233"]
[Result "1/2-1/2"]
[Round "08"]
[TimeControl "180+2"]
[Date "2023.02.07"]
[WhiteClock "0:00:24"]
[BlackClock "0:00:30"]

1. b3 Nf6 2. Bb2 g6 3. g3 Bg7 4. Bg2 O-O 5. Nf3 d6 6. d4 Nbd7 7. O-O e5 8. dxe5 Ng4 9. Nbd2 Ngxe5 10. Rb1 Nxf3+ 11. Nxf3 Bxb2 12. Rxb2 Re8 13. c4 a5 14. Rd2 Nc5 15. Nd4 Bd7 16. e3 Qf6 17. Qf3 Qxf3 18. Bxf3 Ne4 19. Bxe4 Rxe4 20. Ne2 Bc6 21. Nc3 Re5 22. Rfd1 Rc5 23. Rd4 Re8 24. e4 Kg7 25. f3 b6 26. Kf2 f5 27. Re1 Kf6 28. a4 fxe4 29. Nxe4+ Bxe4 30. Rdxe4 Rce5 31. Rxe5 Rxe5 32. Rd1 Ke7 33. f4 Rc5 34. Kf3 c6 35. Rd3 b5 36. cxb5 cxb5 37. axb5 Rxb5 38. g4 h5 39. h3 hxg4+ 40. hxg4 Rb4 41. Kg3 a4 42. bxa4 Rxa4 43. Re3+ Kf7 44. Rd3 Ke7 45. Re3+ Kf7 46. Rd3 Ke7 1/2-1/2


[Site "https://www.chess.com"]

[Event "Titled Tuesday Blitz February 07 Early 2023"]
[White "Csonka, Balazs"]
[Black "Buksa, Nataliya"]
[WhiteFideId "742910"]
[BlackFideId "14123622"]
[WhiteElo "2496"]
[BlackElo "2406"]
[Result "1-0"]
[Round "08"]
[TimeControl "180+2"]
[Date "2023.02.07"]
[WhiteClock "0:00:04"]
[BlackClock "0:00:04"]

1. d4 d5 2. Bf4 Nf6 3. e3 e6 4. Nf3 Bd6 5. Nbd2 O-O 6. Bd3 c5 7. dxc5 Bxf4 8. exf4 Qc7 9. g3 Qxc5 10. O-O b6 11. Qe2 a5 12. Nb3 Qc7 13. Nbd4 Ba6 14. Ne5 Qb7 15. f5 exf5 16. Nxf5 Bxd3 17. Qxd3 Nbd7 18. Rfe1 Rfe8 19. Nd6 Qc7 20. Nxe8 Rxe8 21. Nxd7 Qxd7 22. Rxe8+ Qxe8 23. f3 h5 24. Kf2 Qe7 25. Qd4 Qd6 26. c3 Qc6 27. a4 Qd6 28. Re1 Qc7 29. Re5 Qc6 30. Rg5 Kf8 31. Rf5 Qd6 32. Re5 Kg8 33. h3 Kf8 34. Kg2 Kg8 35. g4 h4 36. Kf2 Kh7 37. f4 Qc6 38. Kf3 Nd7 39. Rh5+ Kg8 40. Qxd5 Qxa4 41. Rxh4 Nf8 42. Qd2 Qc6+ 43. Kg3 g6 44. g5 Qh1 45. Qd4 Qe1+ 46. Kg4 Qe2+ 47. Kg3 Qe1+ 48. Qf2 Qd1 49. Rg4 Ne6 50. Kg2 Qc1 51. h4 Ng7 52. Rg3 Nf5 53. Rd3 Kg7 54. Rh3 Qd1 55. Rf3 Qd5 56. Kh3 Qd1 57. Kh2 Qc1 58. Rh3 Qd1 59. Qg2 Qd6 60. Qf2 Qc7 61. h5 gxh5 62. Rxh5 Qd6 63. Rh3 Ne7 64. Re3 Ng6 65. Rf3 Qc7 66. Kg2 Qc6 67. Kg3 Qe4 68. Qe3 Qf5 69. Qd3 Kg8 70. Qxf5 Nxf4 71. Qg4 Ng6 72. Qf5 Kg7 73. Qxf7+ Kh8 74. Qxg6 1-0


[Site "https://www.chess.com"]

[Event "Titled Tuesday Blitz February 07 Early 2023"]
[White "Tymrakiewicz, Rafal"]
[Black "Tillyaev, Ulugbek"]
[WhiteFideId "1108832"]
[BlackFideId "14202441"]
[WhiteElo "2144"]
[BlackElo "2287"]
[Result "0-1"]
[Round "08"]
[TimeControl "180+2"]
[Date "2023.02.07"]
[WhiteClock "0:00:04"]
[BlackClock "0:00:57"]

1. d4 e6 2. Nf3 b6 3. e4 Bb7 4. Bd3 Nf6 5. Nbd2 d5 6. e5 Nfd7 7. Qe2 c5 8. c3 Be7 9. a3 a6 10. b4 Qc7 11. O-O Nc6 12. Re1 g5 13. h3 h5 14. g4 hxg4 15. hxg4 c4 16. Bc2 O-O-O 17. Nf1 Rdg8 18. Ng3 Kb8 19. a4 Nf8 20. Kg2 Ng6 21. Bxg6 Rxg6 22. Rh1 Rxh1 23. Nxh1 f5 24. Ng3 fxg4 25. Nh2 Bxb4 26. Bd2 Be7 27. Nxg4 Rg8 28. f3 Bd8 29. Nh5 Rh8 30. Nhf6 Ne7 31. Rh1 Rxh1 32. Kxh1 Nf5 33. Kg1 b5 34. axb5 axb5 35. Bxg5 Qg7 36. Be3 Bb6 37. Bf2 b4 38. Qb2 b3 39. Qa3 Qe7 40. Qb2 Ba5 41. Be1 Qc7 42. Kf2 Qc6 43. Ne3 Nxe3 44. Kxe3 Qa4 45. Bd2 Qa2 46. Bc1 Ka7 47. Nd7 Bc8 48. Nc5 Bb6 49. Qxa2+ bxa2 50. Bb2 Kb8 51. Na4 Ba7 52. Nc5 Kc7 53. f4 Kc6 0-1


[Site "https://www.chess.com"]